Map: Central Protocol

Players

wallfacer (ZhuGeLiang) - Winner!

  • Race: Zerg Zerg
  • League: Grandmaster

IlIlllIIl (Stephano)

  • Race: Zerg Zerg
  • League: Master

Event: NationWars III

VOD

Have the link to the VOD?

Description

Time

  • Played on: Jan. 3, 2016, 11:35 a.m.
  • Length: 5:46
Show
View Real Time Build Order
Export as new Build Order

wallfacer Zerg - Winner!

Build Orders: Pool First 

Get SALT Encoding   

  12  0:01  Drone  
  13  0:12  Overlord  
  13  0:17  Drone  
  14  0:30  Drone x2  
  14  0:35  Drone  
  17  0:44  Spawning Pool  
  17  0:48  Drone  
  17  0:55  Drone  
  18  1:12  Hatchery  
  18  1:17  Overlord  
  17  1:20  Extractor  
  16  1:31  Queen  
  16  1:32  Zergling x2  
  19  1:35  Drone  
  19  1:39  Drone  
  21  1:49  Roach Warren  
  20  1:54  Drone  
  21  2:03  Drone  
  21  2:06  Queen  
  24  2:16  Drone  
  25  2:27  Drone x2  
  27  2:35  Drone x2  
  29  2:39  Overlord  
  29  2:43  Drone  
  30  2:44  Metabolic Boost  
  30  2:46  Roach  
  33  2:51  Roach  
  33  2:58  Roach  
  35  3:01  Drone  
  35  3:02  Roach  
  38  3:07  Overlord  
  38  3:12  Roach  
  40  3:21  Roach  
  40  3:25  Overlord  
  42  3:29  Roach  
  42  3:30  Zergling x8  
  48  3:40  Roach  
  50  3:43  Overlord  
  50  3:45  Zergling x4  
  50  3:48  Roach  
  54  3:52  Zergling x4  
  56  3:58  Roach  
  58  4:03  Zergling x4  
  58  4:09  Overlord  
  60  4:13  Overlord  
  60  4:22  Overlord  
  60  4:27  Zergling x8  
  62  4:31  Zergling x8  
  65  4:43  Zergling x4  
  65  4:48  Zergling x8  
  65  4:54  Zergling x2  
  65  4:58  Zergling x2  
  60  5:07  Zergling x8  
  61  5:19  Zergling x2  
  61  5:20  Zergling x2  
  61  5:23  Zergling x2  
  61  5:24  Zergling x6  
Show
View Real Time Build Order
Export as new Build Order

IlIlllIIl Zerg 

Build Orders: Hatch First 

Get SALT Encoding   

  12  0:01  Drone  
  13  0:13  Overlord  
  13  0:17  Drone  
  14  0:31  Drone x2  
  14  0:35  Drone  
  17  0:53  Hatchery  
  17  0:54  Drone  
  17  0:58  Drone  
  18  1:08  Extractor  
  17  1:13  Spawning Pool  
  17  1:16  Drone  
  17  1:21  Drone  
  18  1:28  Drone  
  19  1:40  Overlord  
  19  1:50  Drone  
  20  2:00  Queen  
  23  2:01  Zergling x2  
  23  2:05  Queen  
  23  2:07  Drone  
  26  2:09  Metabolic Boost  
  26  2:12  Overlord  
  26  2:17  Drone  
  26  2:22  Drone  
  28  2:30  Baneling Nest  
  28  2:33  Drone x2  
  29  2:40  Drone  
  30  2:48  Zergling x2  
  31  2:52  Zergling x2  
  31  2:56  Queen  
  34  3:00  Zergling x4  
  36  3:08  Zergling x4  
  36  3:09  Zergling x4  
  36  3:10  Drone  
  41  3:18  Drone x3  
  44  3:24  Baneling x2  
  44  3:31  Overlord  
  43  3:42  Roach Warren, Drone, Extractor  
  43  3:44  Drone  
  43  3:50  Overlord  
  43  3:56  Drone x2  
  43  4:01  Drone x2  
  44  4:12  Spine Crawler  
  42  4:18  Overlord  
  42  4:23  Roach x7  
  50  4:31  Baneling x2  
  50  4:32  Baneling  
  50  4:37  Roach x2  
  45  4:47  Roach x3  
  39  5:03  Roach  
  39  5:06  Zergling x4  
  38  5:11  Zergling x4  
  38  5:19  Zergling x4  
  33  5:23  Zergling x2  
Tags
 
Add a new tag
Caveats
  • Supply blocks, unpowered buildings, or Contaminate may cause inaccurate times.
  • Supply counts are checked every 10 seconds.